!Justin14p!, neutral male human Archeologist ----------- ----- --.........| ---.|.-- |...------.--- |......-- ------ |.....----...| |.......------ ----.|..-- ---- -----..........|.--- --........|..---........| |..----- |......---.....|...| |......................| |......| ---- --.....| --....|--.--- ----.---...............-- -----..-- |..| --....-| --.--- |...| ----- --- |................| |...|---..| |......-- --- ---.------...----------.............| --..||....-- --.......---- |..............................---- --.||.....| |...........----------..-----.------------.........-- ----- |.||.....| --..........%(.........-- |.| |..........| --.|.---.||--.--- |.........----..-----.--- |.| ---........| |........-|...| ---.......| |....)|@|...| |.--- --.......-- |.........|.--- |......-- |....GGhh--.---|...| --.......|--...........| |......-----....h.h.....----.--- --- --......|...|.......---- --.......-----.--........--|...-------.-----..--.--.--|......>|..--- ---.--...| ---|.....|....|-.......................| ---..........| -----..| ----..|-...|--------....------------- |..........| ---- |..|--.-- ---.-- ---.--..---- ---- --- --- ------- !Justin14p! the Digger Experience level: 2 Strength: 14 Dexterity: 13 Constitution: 9 Intelligence: 14 Wisdom: 15 Charisma: 10 Health: 0(18) Energy: 8(8) Def: 6 Gold: 53 Moves: 538 Dungeon seed: 5aMOvIUrTUxXlKaX Game ID: !Justin14p!_1525891212 Your Inventory: Coins $ - 53 gold pieces Weapons a - a +2 bullwhip (weapon in hand) Armor n - an uncursed +0 fedora (being worn) r - an uncursed +0 banded mail (being worn) Comestibles b - 3 uncursed food rations j - an uncursed lichen corpse Rings h - an uncursed ring of fire resistance (on left hand) Wands i - a wand of cancellation (0:5) Tools c - a +0 pick-axe (alternate weapon; not wielded) d - a tinning kit (0:90) f - an uncursed sack g - a magic marker (0:97) Gems q - an uncursed touchstone Spells and supernatural/magical abilities: Name Level Category Fail Memory W - pray for help -- divine ? -- Your skills at the end: Fighting Skills Weapon Skills pick-axe [Basic] whip [Basic] Spellcasting Skills Final Attributes: You were devoutly aligned. You were fire resistant. You were stealthy. You were fast. You are dead. Vanquished creatures: a dwarf a fox a kobold 4 grid bugs 3 lichens a newt 11 creatures vanquished. Voluntary challenges: You went without food. You were an atheist. You used a wielded weapon 14 times, starting on turn 41. You read items or engraved 2 times, starting on turn 536. You never genocided any monsters. You never polymorphed an object. You never changed form. You used no wishes. You never split a pudding. You never wrote Elbereth's name. You never violated your personal moral code. Dungeon overview: The Dungeons of Doom: levels 1 to 2 Level 1 some fountains a long staircase Level 2 a sink stairs to The Gnomish Mines The Gnomish Mines: Level 3 <- You were here stairs to The Dungeons of Doom History has recorded: On T:1 you entered the Dungeons of Doom to retrieve the Amulet of Yendor! On T:258 you reached level 2 of The Dungeons of Doom. On T:467 you advanced to experience level 2. On T:521 you reached level 1 of The Gnomish Mines. Score breakdown: Gold: 53 ( 5893 points) Experience: 2 levels ( 5570 points) Exploration: 3 levels ( 6.00%) ( 6060 points) Discoveries: 3 items ( 1.01%) ( 3010 points) Valuables value: (no points given unless you survive) Artifact value: 0 ( 0 points) Variety of kills: 6 monsters ( 1.57%) ( 3764 points) Turncount: 538 turns ( 0 points) Survival: died (score multiplied by 80%) Total score: 19437 Latest messages: The lichen bumps right into you! You kill the lichen! The door resists! The door opens. You fall down the stairs. The dwarf wields a dagger! The gnome hits! You hit the dwarf. (2x) The dwarf thrusts her dagger. The dwarf hits! You kill the dwarf! The gnome picks up a hooded cloak. The gnome puts on a hooded cloak. As you read the scroll, it disappears. A map coalesces in your mind! As you read the scroll, it disappears. You have found a scroll of genocide! Such creatures do not exist in this world. Sent in some dwarves. The gnome hits! You miss the dwarf. The dwarf hits! You die... Final status: Goodbye !Justin14p! the Archeologist, killed by a dwarf... You died in The Gnomish Mines on dungeon level 3 with 19437 points, and 53 pieces of gold, after 538 moves. You were level 2 with a maximum of 18 hit points when you died.